Map: Acid Plant LE

Players

Testsubject

  • Race: Zerg Zerg
  • League: Platinum
  • Spawn Location: 5:00

Luis - Winner!

  • Race: Terran Terran
  • League: Diamond
  • Spawn Location: 11:00

VOD

Have the link to the VOD?

Description

Not sure what went wrong here. Just wondering if you could offer some advice

Time

  • Played on: Oct. 13, 2018, 6:50 p.m.
  • Length: 23:57
Show
View Real Time Build Order
Export as new Build Order

Testsubject Zerg 

Build Orders: Hatch First 

Get SALT Encoding   

  12  0:03  Drone  
  13  0:12  Overlord  
  13  0:17  Drone  
  14  0:32  Drone x2  
  16  0:44  Drone  
  17  1:03  Drone x2  
  19  1:06  Extractor  
  19  1:07  Hatchery  
  19  1:08  Drone  
  18  1:22  Drone  
  19  1:27  Spawning Pool  
  18  1:37  Drone  
  19  1:46  Drone  
  20  1:50  Drone  
  21  2:02  Drone  
  22  2:18  Overlord  
  22  2:19  Overlord  
  22  2:23  Queen x2, Zergling x2  
  22  2:25  Metabolic Boost  
  28  2:30  Zergling x2  
  28  2:39  Zergling x2  
  29  2:45  Zergling x4  
  31  2:51  Zergling x2  
  31  2:56  Zergling x2  
  32  3:03  Extractor  
  31  3:11  Drone x2  
  33  3:15  Drone  
  34  3:21  Drone  
  35  3:31  Lair  
  35  3:37  Drone x6  
  41  3:47  Zergling x4  
  43  3:49  Roach Warren  
  42  4:00  Drone x2  
  43  4:18  Overlord x2  
  43  4:36  Overseer x2  
  43  4:37  Glial Reconstitution  
  43  4:39  Roach  
  43  4:40  Roach x5  
  43  4:44  Hatchery  
  54  4:50  Overlord x2  
  54  5:02  Overlord x2  
  54  5:04  Pneumatized Carapace  
  54  5:12  Roach x2  
  58  5:16  Drone x5  
  63  5:23  Evolution Chamber  
  63  5:25  Drone, Evolution Chamber  
  62  5:29  Roach  
  62  5:35  Queen  
  66  5:39  Drone x2  
  66  5:41  Drone  
  69  5:44  Extractor  
  69  5:45  Extractor  
  69  5:49  Zerg Missile Weapons Level 1  
  65  5:54  Zerg Ground Armor Level 1  
  65  5:56  Drone  
  66  5:58  Drone  
  66  6:00  Drone  
  66  6:01  Drone  
  66  6:03  Drone  
  70  6:05  Drone  
  71  6:15  Drone x4  
  71  6:16  Drone  
  76  6:24  Drone x2  
  78  6:26  Roach x2  
  78  6:27  Roach  
  78  6:31  Overlord  
  84  6:34  Overlord  
  84  6:40  Drone x3  
  84  6:41  Drone  
  88  6:52  Roach x4  
  96  6:54  Roach  
  96  6:57  Drone x2  
  96  6:59  Drone  
  96  7:00  Drone  
  102  7:02  Drone  
  102  7:07  Hydralisk Den, Drone  
  102  7:08  Drone  
  104  7:20  Drone  
  104  7:22  Overlord x5  
  105  7:36  Extractor  
  104  7:37  Muscular Augments  
  104  7:38  Extractor  
  76  7:54  Roach x9  
  76  7:58  Zergling x14  
  95  8:07  Queen  
  97  8:22  Drone x5  
  97  8:24  Drone  
  103  8:31  Drone x2  
  103  8:32  Drone  
  106  8:36  Queen x2  
  110  8:55  Hatchery  
  109  9:01  Hydralisk x4  
  109  9:02  Extractor, Hydralisk x2  
  120  9:03  Hydralisk  
  120  9:05  Hydralisk  
  120  9:08  Hydralisk  
  126  9:13  Grooved Spines  
  126  9:14  Drone x2  
  128  9:20  Infestation Pit  
  71  10:00  Hydralisk x9  
  76  10:14  Roach x3  
  82  10:22  Roach  
  84  10:33  Hydralisk  
  84  10:34  Roach x4  
  92  10:40  Roach x4  
  98  10:48  Roach x2  
  86  10:54  Queen x3  
  86  10:56  Roach x2  
  97  10:57  Ravager x6  
  97  11:01  Hydralisk x2  
  106  11:15  Drone x3  
  109  11:29  Queen  
  109  11:30  Queen  
  113  11:45  Overlord x5  
  113  11:47  Overseer  
  107  12:00  Hydralisk x6  
  107  12:01  Hydralisk  
  119  12:12  Drone x8  
  127  12:20  Hatchery  
  112  12:40  Overseer x2  
  112  12:42  Drone x14  
  112  12:43  Drone  
  127  12:49  Drone x2  
  127  12:51  Extractor  
  128  13:03  Extractor  
  127  13:08  Extractor  
  126  13:17  Drone x9  
  135  13:30  Hydralisk x3  
  142  13:34  Drone  
  142  13:38  Evolution Chamber  
  142  13:40  Evolution Chamber  
  140  13:54  Hydralisk x8  
  160  13:57  Overlord x2  
  147  14:13  Hydralisk x5  
  151  14:24  Roach x2  
  151  14:26  Roach x2  
  157  14:34  Zerg Missile Weapons Level 2  
  157  14:35  Zerg Ground Armor Level 2  
  157  14:48  Roach x6  
  157  14:51  Overlord x3  
  108  15:32  Roach x14  
  136  15:49  Hatchery  
  135  15:54  Extractor, Roach x6  
  146  15:59  Extractor  
  145  16:18  Roach x8  
  94  16:50  Roach x8  
  110  16:54  Hydralisk  
  112  17:09  Hydralisk x3  
  108  17:18  Roach x11  
  108  17:22  Lair  
  108  17:31  Queen  
  108  17:32  Queen  
  108  17:35  Hydralisk x8  
  119  17:46  Hydralisk x4  
  127  17:53  Drone x2  
  127  17:57  Drone  
  130  18:07  Queen  
  132  18:21  Hatchery  
  131  18:46  Roach x12  
  155  18:55  Spawning Pool  
  120  19:33  Hydralisk x12  
  134  19:40  Hatchery  
  83  20:09  Queen  
  83  20:19  Queen  
  60  21:14  Zergling x16  
  66  21:31  Roach Warren  
  63  21:35  Lair  
  63  21:37  Hatchery  
  25  22:15  Hatchery  
  25  22:17  Roach x2  
  25  22:18  Roach  
  28  22:27  Hatchery  
  24  22:32  Hatchery  
  23  22:52  Roach x4  
  23  22:56  Queen  
  23  22:57  Queen  
  35  23:21  Roach x4  
  35  23:24  Roach  
  45  23:37  Hatchery  
  54  23:46  Spawning Pool  
Show
View Real Time Build Order
Export as new Build Order

Luis Terran - Winner!

Build Orders: MMM Bio 

Get SALT Encoding   

  12  0:02  SCV  
  13  0:16  Supply Depot  
  13  0:23  Refinery  
  13  0:39  Barracks  
  14  0:49  Supply Depot  
  13  0:52  SCV  
  14  1:04  SCV  
  15  1:17  SCV  
  16  1:27  Reaper  
  16  1:30  Orbital Command  
  17  1:36  Refinery  
  17  1:46  Supply Depot  
  17  1:56  SCV  
  18  2:07  Barracks Tech Lab  
  18  2:13  SCV  
  18  2:15  Factory  
  19  2:25  SCV  
  19  2:26  Marine  
  21  2:37  SCV  
  22  2:49  SCV  
  23  2:54  Marauder  
  25  3:05  Factory Tech Lab  
  25  3:06  SCV  
  25  3:11  Starport  
  26  3:15  Marine  
  26  3:18  SCV  
  28  3:24  Siege Tank  
  31  3:40  Supply Depot  
  31  3:48  Starport Reactor  
  31  3:52  Stimpack  
  31  4:01  Marine, SCV  
  33  4:03  Supply Depot  
  33  4:09  Siege Tank  
  36  4:13  SCV  
  37  4:17  Supply Depot  
  37  4:19  Marauder  
  39  4:25  SCV  
  39  4:26  Viking  
  42  4:38  SCV  
  43  4:40  Marine  
  44  4:50  SCV  
  45  4:55  Siege Tank  
  45  4:56  Medivac  
  45  4:58  Marine  
  51  5:02  SCV  
  53  5:14  SCV  
  53  5:16  Command Center, Marauder  
  55  5:26  Engineering Bay  
  55  5:29  Engineering Bay  
  55  5:36  Medivac x2  
  55  5:37  Marine, SCV  
  61  5:49  SCV  
  62  5:54  Supply Depot  
  62  5:55  Barracks  
  62  5:56  Barracks  
  62  6:01  SCV  
  63  6:08  Supply Depot  
  63  6:09  Terran Infantry Armor Level 1  
  63  6:14  Terran Infantry Weapons Level 1  
  63  6:15  SCV  
  64  6:28  Medivac  
  64  6:30  Refinery  
  66  6:34  Missile Turret  
  66  6:38  Refinery  
  66  6:44  Orbital Command  
  66  6:53  Barracks Reactor x2  
  66  7:15  Siege Tank, Marauder  
  71  7:19  SCV  
  71  7:22  Medivac  
  74  7:24  SCV  
  75  7:31  SCV  
  75  7:36  Marine, SCV  
  78  7:44  SCV  
  71  7:53  Liberator  
  71  7:54  Marine  
  63  8:08  Marine x4  
  63  8:10  Siege Tank, Medivac  
  63  8:11  Marine, SCV  
  77  8:13  SCV  
  77  8:18  Supply Depot  
  78  8:22  Combat Shields  
  78  8:23  SCV  
  78  8:25  SCV  
  78  8:26  Marine x4  
  84  8:29  Marine  
  84  8:30  Missile Turret  
  85  8:35  SCV  
  85  8:36  Missile Turret  
  85  8:37  SCV  
  85  8:39  Missile Turret  
  87  8:43  Marine x2  
  87  8:44  Marine x2  
  87  8:47  Marine, SCV  
  93  8:49  SCV  
  94  8:59  SCV  
  94  9:00  Armory  
  94  9:01  Marine x2, SCV  
  94  9:02  Marine x2  
  100  9:04  Medivac, Supply Depot  
  102  9:25  Siege Tank, Marine x4, SCV  
  110  9:51  Marine x2  
  110  9:53  Marine  
  110  9:54  Marine, SCV  
  110  9:55  Marine  
  109  10:06  SCV  
  110  10:25  Marine  
  110  10:32  Marine x3  
  110  10:44  Marine x2  
  110  10:49  Marine x3  
  103  10:56  Liberator, SCV  
  105  10:58  Siege Tank, Medivac  
  110  11:11  Supply Depot  
  110  11:17  Command Center  
  110  11:21  Supply Depot  
  110  11:30  Terran Vehicle Weapons Level 1  
  110  11:31  Command Center, Supply Depot  
  110  11:32  Marine x5, Medivac, SCV  
  118  11:38  Liberator  
  118  11:45  SCV  
  119  11:50  Marine x5  
  124  11:57  SCV  
  128  12:02  Siege Tank, Medivac  
  128  12:08  Marine  
  134  12:15  Liberator  
  134  12:20  Refinery, SCV  
  134  12:28  Marine x5  
  139  12:33  SCV  
  139  12:34  Siege Tank  
  121  12:38  Medivac  
  123  12:45  SCV  
  123  12:46  Marine x5  
  123  12:47  Supply Depot  
  129  12:53  Orbital Command  
  129  12:57  SCV  
  130  12:58  Refinery  
  130  13:04  Marine x5  
  135  13:06  Siege Tank  
  135  13:08  Medivac  
  135  13:09  SCV  
  141  13:15  Medivac  
  141  13:17  SCV  
  144  13:20  SCV  
  144  13:21  SCV  
  144  13:22  Marine x5  
  151  13:29  SCV  
  152  13:35  SCV  
  152  13:38  Siege Tank  
  152  13:39  Marine  
  157  13:47  Marine x4, Medivac  
  157  13:48  SCV  
  164  13:57  Marine  
  165  14:10  Terran Infantry Armor Level 2  
  165  14:11  Terran Infantry Weapons Level 2  
  165  14:14  Marine, SCV  
  165  14:45  Marine x3  
  165  14:56  Liberator  
  165  15:02  Marine  
  165  15:11  Marine x3  
  165  15:12  Marine  
  165  15:13  Medivac  
  164  15:14  Siege Tank  
  164  15:20  Marine  
  140  15:29  Marine x3  
  140  15:30  Marine  
  144  15:37  Marine  
  144  15:39  Liberator  
  145  15:43  Medivac  
  145  15:46  Siege Tank  
  145  15:47  Marine x3  
  145  15:48  Marine  
  154  15:55  Marine  
  158  16:05  Marine x4  
  151  16:13  Marine, Medivac  
  146  16:18  Siege Tank  
  146  16:23  Marine x4  
  142  16:31  Marine  
  135  16:39  Medivac  
  137  16:40  Marine x3  
  137  16:41  Marine  
  137  16:43  Medivac  
  143  16:49  Marine  
  143  16:50  Siege Tank  
  143  16:51  SCV  
  148  16:57  Refinery, SCV  
  148  17:01  Supply Depot  
  149  17:02  Supply Depot  
  149  17:11  Marine  
  149  17:13  Marine, SCV  
  149  17:14  SCV  
  149  17:16  Marine x3, Medivac  
  149  17:18  Medivac  
  143  17:23  Siege Tank  
  143  17:25  SCV  
  143  17:26  SCV  
  143  17:29  Marine  
  147  17:31  Marine  
  147  17:33  Marine x3  
  151  17:37  SCV  
  150  17:47  Marine  
  150  17:48  Marine  
  150  17:51  Marine x3, SCV  
  153  17:55  Siege Tank  
  153  17:57  Supply Depot x2  
  159  18:03  SCV  
  159  18:05  Marine  
  161  18:06  Marine  
  161  18:09  Marine x3  
  165  18:18  Medivac x2  
  169  18:23  Marine  
  169  18:24  Marine  
  171  18:27  Marine x3  
  171  18:28  Supply Depot  
  174  18:40  Marine  
  175  18:42  Marine  
  175  18:45  Marine x3  
  172  18:58  Marine, SCV  
  172  19:02  Marine, Supply Depot  
  163  19:09  Siege Tank, Marine x3  
  148  19:10  SCV  
  148  19:12  Supply Depot  
  148  19:16  Marine  
  143  19:19  Marine  
  143  19:22  SCV  
  144  19:27  Marine x3  
  139  19:34  Marine, SCV  
  139  19:37  Marine  
  128  19:42  Siege Tank  
  128  19:45  Marine x3  
  115  19:52  Marine  
  108  19:55  Marine  
  108  19:59  SCV  
  102  20:03  Marine x3  
  101  20:09  Marine  
  101  20:11  SCV  
  101  20:13  Marine  
  101  20:14  Siege Tank  
  104  20:20  Marine x3  
  107  20:27  Marine  
  109  20:31  Marine  
  109  20:38  Marine x3  
  111  20:47  Marine  
  109  22:23  Orbital Command  
  109  22:45  Supply Depot  
Tags
 
Composition
MMM Bio
Matchup
TvZ
Spawn Locations
Cross Positions
Add a new tag
Caveats
  • Supply blocks, unpowered buildings, or Contaminate may cause inaccurate times.
  • Supply counts are checked every 10 seconds.